 Dungeon Crawl Stone Soup version 0.31-a0-4-gefa6de2278 (webtiles) character file.

Game seed: 15964601643291563129

14 mopl the Stinger (level 2, 0/22 HPs)
             Began as a Naga Venom Mage on May 3, 2023.
             Slain by a frilled lizard (2 damage)
             ... on level 1 of the Dungeon.
             The game lasted 00:00:36 (213 turns).

mopl the Stinger (Naga Venom Mage)                   Turns: 213, Time: 00:00:37

Health: 0/22       AC:  1    Str: 10    XL:     2   Next: 45%
Magic:  0/5        EV:  9    Int: 15    God:
Gold:   14         SH:  0    Dex: 11    Spells: 4/5 levels left

rFire   . . .        (no weapon)
rCold   . . .        (no shield)
rNeg    . . .        a - +0 robe
rPois   +            (no helmet)
rElec   .            (no cloak)
rCorr   .            (no gloves)
SInv    +            (no barding)
Will    .....        (no amulet)
Stlth   ++           (no ring)
HPRegen 0.23/turn    (no ring)
MPRegen 0.09/turn

%: no passive effects
@: very slightly contaminated, very slow
A: AC +0, large, see invisible, deformed body, poison resistance, slowness 2,
spit poison 1, naga tail 1
a: Spit Poison


You were on level 1 of the Dungeon.
You visited 1 branch of the dungeon, and saw 1 of its levels.

You collected 14 gold pieces.

Inventory:

Missiles
 e - 5 poisoned darts
Armour
 a - a +0 robe (worn)
Scrolls
 d - a scroll of identify {unknown}
Potions
 b - a potion of magic
 c - a potion of cancellation {unknown}


   Skills:
 - Level 1.5 Dodging
 - Level 3.0 Stealth
 + Level 2.4 Spellcasting
 - Level 1.0 Transmutations
 + Level 4.5 Poison Magic


You had 4 spell levels left.
You knew the following spells:

 Your Spells              Type           Power      Damage    Failure   Level
a - Sting                 Tmut/Pois      40%        1d5       7%          1

Your spell library contained the following spells:

 Spells                   Type           Power      Damage    Failure   Level
 Poisonous Vapours        Pois/Air       16%        N/A       13%         2
 Olgreb's Toxic Radiance  Pois           15%        N/A       32%         4
 Mephitic Cloud           Conj/Pois/Air  6%         N/A       34%         3
 Portal Projectile        Hex/Tloc       2%         N/A       54%         3
 Tukima's Dance           Hex            1%         N/A       54%         3
 Blade Hands              Tmut           2%         N/A       98%         5


Dungeon Overview and Level Annotations

Branches:
Dungeon (1/15)

Altars:


Innate Abilities, Weirdness & Mutations

Your serpentine skin is tough. (AC +0)
You have supernaturally acute eyesight. (SInv)
Armour fits poorly on your strangely shaped body.
Your system is resistant to poisons. (rPois)
You cover ground very slowly.
You can spit poison.
You have a snake-like lower body.


Message History

The sting hits the jackal.
The jackal is poisoned.
The jackal is almost dead.
You kill the jackal!
The jackal bites you.
You miscast Sting.
You are very lightly contaminated with residual magic.
Nothing appears to happen.
The jackal bites you but does no damage.
The jackal closely misses you.
The sting hits the jackal.
The jackal is poisoned.
The jackal is heavily wounded.
You have got your breath back.
The jackal bites you.
You hit the jackal but do no damage.
The jackal is heavily wounded.
The jackal bites you. The frilled lizard bites you.
You are too injured to fight recklessly!
You are too injured to fight recklessly!
You are too injured to fight recklessly!
You are too injured to fight recklessly!
You barely miss the jackal.
The jackal is almost dead.
The jackal bites you. The frilled lizard closely misses you.
The jackal bites you.
You closely miss the jackal.
The jackal is almost dead.
The jackal bites you.
* * * LOW HITPOINT WARNING * * *
The frilled lizard barely misses you.
You closely miss the jackal. Your punch misses the jackal.
The jackal is almost dead.
The jackal bites you.
* * * LOW HITPOINT WARNING * * *
The frilled lizard barely misses you. The jackal bites you.
* * * LOW HITPOINT WARNING * * *
You miss the jackal.
The jackal is almost dead.
You kill the jackal!
The frilled lizard bites you.
You die...

#.# ##.# ... #
#####...# .## .. ....#
##.#.......# . .. ...
..#.###...# . ...
##...##.### # ...
##.....#.##
#.##.##.........## #
#.##.#.....>.....#
#.#h##.............#
#.#@##.#...........#
..##.l..........†....##
....?..............###
#.##..............#.#
...................#
..#.#.###..#.......#
..>#.#. ###.##.....##
.. $... #.....#...##
.#.####.###.##.##


You could see a jackal and a frilled lizard.

Vanquished Creatures
  A dart slug (D:1)
  2 ball pythons (D:1)
  A giant cockroach (D:1)
  3 hobgoblins (D:1)
  3 jackals (D:1)
  A rat (D:1)
11 creatures vanquished.

Notes
Turn   | Place    | Note
-------+----------+-------------------------------------------
     0 | D:1      | mopl the Naga Venom Mage began the quest for the Orb.
     0 | D:1      | Reached XP level 1. HP: 15/15 MP: 3/3
    98 | D:1      | Reached XP level 2. HP: 8/22 MP: 1/5
   213 | D:1      | Slain by a frilled lizard

Illustrated notes

Levels and vault maps discovered:
D:1:      dpeg_arrival_morbid_curiosity, layout_loops_ring,
          chequers_ecumenical_altar_simple

Action                     || total
---------------------------++-------
  Melee: Unarmed           ||    20
   Cast: Sting             ||    16
Ability: Spit Poison       ||     2
 Armour: Robe              ||     6
  Dodge: Dodged            ||    14

Table legend: (Time is in decaauts)
 A = Elapsed time spent in this place.
 B = Non-inter-level travel time spent in this place.
 C = Inter-level travel time spent in this place.
 D = Time resting spent in this place.
 E = Time spent auto-exploring this place.
 F = Levels seen in this place.
 G = Mean time per level.
                   A        B        C        D        E       F      G
               +--------+--------+--------+--------+--------+-----+--------+
         Total |    279 |    279 |      0 |      0 |    197 |   1 |  279.0 |
       Dungeon |    279 |    279 |      0 |      0 |    197 |   1 |  279.0 |
               +--------+--------+--------+--------+--------+-----+--------+

Top non-repeatable levels by time:
     D:1: 279 daAuts
